 Dungeon Crawl Stone Soup version 0.30-a0-358-g0d69a1922f (webtiles) character file.

Game seed: 9936247353835902364

2847 Querens the Thaumaturge (level 9, -13/45 HPs)
             Began as a Deep Elf Conjurer on Nov 10, 2022.
             Shot with an arrow by a centaur warrior (19 damage)
             ... on level 8 of the Dungeon.
             The game lasted 00:18:54 (4546 turns).

Querens the Thaumaturge (Deep Elf Conjurer)         Turns: 4546, Time: 00:18:55

Health: -13/45     AC:  6    Str:  4    XL:     9   Next: 46%
Magic:  34/34      EV: 11    Int: 28    God:
Gold:   466        SH:  0    Dex: 13    Spells: 18/29 levels left

rFire   . . .      SeeInvis .    (no weapon)
rCold   . . .      Faith    .    (no shield)
rNeg    + . .      Spirit   .    F - +1 troll leather armour
rPois   .          Reflect  .    (no helmet)
rElec   .          Harm     .    (no cloak)
rCorr   .          Rampage  .    (no gloves)
Will    .....                    x - +0 pair of boots
Stlth   ++........               z - amulet of regeneration
HPRegen 1.87/turn                h - ring of positive energy
MPRegen 0.24/turn                i - ring of magical power

@: no status effects
A: no striking features
a: no special abilities


You were on level 8 of the Dungeon.
You visited 2 branches of the dungeon, and saw 9 of its levels.

You collected 466 gold pieces.

Inventory:

Hand Weapons
 D - a +2 dagger of draining
Missiles
 n - 2 throwing nets
Armour
 x - a +0 pair of boots (worn)
 C - a +1 leather armour of cold resistance
 F - a +1 troll leather armour (worn)
Jewellery
 c - an amulet of the acrobat
 h - a ring of positive energy (left hand)
 i - a ring of magical power (right hand)
 m - a ring of fire
 o - a +4 ring of evasion
 z - an amulet of regeneration (around neck)
Wands
 y - a wand of paralysis (9)
Scrolls
 l - a scroll of immolation
 r - 2 scrolls of fear
 s - 4 scrolls of teleportation
 v - a scroll of poison
 w - a scroll of brand weapon
 E - a scroll of amnesia
Potions
 b - a potion of magic
 e - 2 potions of might
 f - 2 potions of brilliance
 j - 2 potions of berserk rage
 k - 2 potions of lignification
 p - a potion of heal wounds
 q - a potion of haste {unknown}
 u - a potion of flight {unknown}
 A - a potion of curing


   Skills:
 - Level 2.4 Dodging
 - Level 2.4 Stealth
 + Level 10.9 Spellcasting
 + Level 9.9 Conjurations
 + Level 6.9 Translocations


You had 18 spell levels left.
You knew the following spells:

 Your Spells              Type           Power      Damage    Failure   Level
a - Magic Dart            Conj           100%       1d8       1%          1
b - Searing Ray           Conj           100%       2d8       1%          2
c - Iskenderun's Mystic   Conj/Tloc      58%        2d12      1%          4
d - Fulminant Prism       Conj/Hex       21%        3d12      9%          4

Your spell library contained the following spells:

 Spells                   Type           Power      Damage    Failure   Level
 Shock                    Conj/Air       100%       1d9       1%          1
 Static Discharge         Conj/Air       86%        2-6/arc   1%          2
 Dazzling Flash           Conj/Hex       86%        N/A       2%          3
 Vhi's Electric Charge    Tloc/Air       68%        N/A       4%          3
 Ensorcelled Hibernation  Hex/Ice        30%        N/A       10%         2
 Passwall                 Tmut/Erth      12%        N/A       10%         2
 Swiftness                Air            15%        N/A       21%         3
 Arcjolt                  Conj/Air       21%        1d31      24%         5
 Lightning Bolt           Conj/Air       21%        1d36      24%         5
 Airstrike                Air            7%         2d(2-18)  54%         4
 Agony                    Necr           15%        N/A       88%         5
 Silence                  Hex/Air        7%         N/A       88%         5


Dungeon Overview and Level Annotations

Branches:
Dungeon (8/15)             Temple (1/1) D:4
   Lair: D:8-11

Altars:
Ashenzari
Cheibriados
Dithmenos
Elyvilon
Gozag
Hepliaklqana
Kikubaaqudgha
Makhleb
Nemelex Xobeh
Qazlal
Ru
Sif Muna
Trog
Wu Jian
Xom
Yredelemnul
Zin
The Shining One

Shops:
D:2 [


Message History

It is a scroll of identify.
e - 2 potions of might
As you read the scroll of identify, it crumbles to dust.
f - 2 potions of brilliance
As you read the scroll of identify, it crumbles to dust.
k - 2 potions of lignification
As you read the scroll of identify, it crumbles to dust.
j - 2 potions of berserk rage
As you read the scroll of identify, it crumbles to dust.
p - a potion of heal wounds
As you read the scroll of identify, it crumbles to dust.
r - 2 scrolls of fear
As you read the scroll of identify, it crumbles to dust.
s - 4 scrolls of teleportation
As you read the scroll of identify, it crumbles to dust.
t - 3 scrolls of vulnerability
As you read the scroll of identify, it crumbles to dust.
d - a scroll of enchant armour
As you read the scroll of identify, it crumbles to dust.
l - a scroll of immolation
As you read the scroll of identify, it crumbles to dust.
v - a scroll of poison
As you read the scroll of identify, it crumbles to dust.
w - a scroll of brand weapon
As you read the scroll of identify, it crumbles to dust.
E - a scroll of amnesia You drop 3 scrolls of vulnerability.
You drop a wand of polymorph (2).
As you read the scroll of enchant armour, it crumbles to dust.
Your +0 troll leather armour glows green for a moment.
You drop a +0 robe.
A centaur warrior comes into view.
The centaur warrior shouts!
The centaur warrior wields a +0 longbow.
The centaur warrior shoots an arrow.
The arrow hits you!
The centaur warrior shoots an arrow.
The arrow hits you!!
The centaur warrior shoots an arrow.
The arrow hits you!
* * * LOW HITPOINT WARNING * * *
The centaur warrior shoots an arrow.
The arrow hits you!!
You die...

.#########.#####.. ... .#
#.# ..! .# #.# #.. .#
###+###### #.# .###
#>.......# #.# ...#
#........# #.###...# .#.#
#........####...+...#
.#.#####........#...†.##...#
............<..[@.....##...#
..######........#...#c##...#
..# #........####.....# ..#
########## #..##.#
..##################.....#
......................#..#
.######## #.##########.†#
...# #.............# ##.#
#.###########.#


You could see a centaur warrior.

Vanquished Creatures
  A troll (D:8)
  A hornet (D:8)
  Duvessa (D:7)
  An ice beast (D:5)
  2 black bears
  2 centaurs (D:7)
  A phantom (D:4)
  2 necrophages
  2 scorpions
  2 bullfrogs
  Dowan (D:7)
  9 killer bees
  2 howler monkeys (D:8)
  2 hounds
  2 jellies
  A gnoll bouda (D:5)
  4 orc priests
  5 iguanas
  5 orc wizards
  6 adders
  23 gnolls
  A white imp (D:5)
  An ufetubus (D:5)
  4 worms
  3 dart slugs
  19 orcs
  9 ball pythons
  2 endoplasms
  3 giant cockroaches
  6 goblins
  6 hobgoblins
  8 jackals
  5 quokkas
  5 bats
  A frilled lizard (D:1)
  7 kobolds
  9 rats
164 creatures vanquished.

Notes
Turn   | Place    | Note
-------+----------+-------------------------------------------
     0 | D:1      | Querens the Deep Elf Conjurer began the quest for the Orb.
     0 | D:1      | Reached XP level 1. HP: 10/10 MP: 6/6
    94 | D:1      | Reached XP level 2. HP: 15/15 MP: 0/8
   412 | D:1      | Learned a level 2 spell: Searing Ray
   420 | D:1      | Reached skill level 4 in Spellcasting
   462 | D:1      | Reached skill level 5 in Conjurations
   462 | D:1      | Reached XP level 3. HP: 16/19 MP: 3/10
   581 | D:2      | Reached XP level 4. HP: 24/24 MP: 3/12
   751 | D:2      | Found Jitebi Itag's Antique Armour Shop.
   838 | D:2      | Reached skill level 5 in Spellcasting
   901 | D:3      | Reached XP level 5. HP: 12/28 MP: 9/14
  1597 | D:4      | Reached skill level 6 in Spellcasting
  1870 | D:4      | Reached XP level 6. HP: 32/32 MP: 17/17
  1912 | D:4      | Reached skill level 7 in Spellcasting
  1934 | D:4      | Learned a level 4 spell: Iskenderun's Mystic Blast
  1939 | D:4      | Learned a level 4 spell: Fulminant Prism
  1961 | D:4      | Found a staircase to the Ecumenical Temple.
  1995 | Temple   | Entered the Ecumenical Temple
  2443 | D:4      | Reached skill level 1 in Translocations
  2459 | D:4      | Reached XP level 7. HP: 25/36 MP: 17/19
  2507 | D:5      | Entered Level 5 of the Dungeon
  2711 | D:5      | Found an opulent altar of Gozag.
  2712 | D:5      | Found a sparkling altar of Nemelex Xobeh.
  2897 | D:5      | Reached skill level 8 in Spellcasting
  3170 | D:5      | Reached XP level 8. HP: 41/41 MP: 22/22
  3485 | D:6      | Reached skill level 9 in Spellcasting
  3746 | D:6      | Found an ornate altar of the Wu Jian Council.
  3746 | D:6      | Found a white marble altar of Elyvilon.
  3752 | D:6      | Reached skill level 5 in Translocations
  3915 | D:7      | Found a broken altar of Ashenzari.
  4060 | D:7      | Noticed Duvessa
  4065 | D:7      | Noticed Dowan
  4071 | D:7      | Killed Dowan
  4072 | D:7      | Killed Duvessa
  4073 | D:7      | Reached skill level 10 in Spellcasting
  4160 | D:7      | Reached XP level 9. HP: 45/45 MP: 25/25
  4225 | D:7      | Found a bloodstained altar of Trog.
  4492 | D:8      | Noticed a troll
  4500 | D:8      | Killed a troll
  4544 | D:8      | Noticed a centaur warrior
  4546 | D:8      | Shot with an arrow by a centaur warrior

Illustrated notes

Levels and vault maps discovered:
D:1:      dpeg_arrival_arbitrary_c, layout_basic, serial_bayou_pond_a
D:2:      layout_rooms, serial_shops, shop, grunt_ministairs_15,
          kennysheep_generic_room_7
D:3:      layout_loops_ring, serial_rivers, chequers_serial_rivers_marsh,
          chequers_serial_rivers_micro_e, chequers_serial_rivers_small_b,
          chequers_serial_rivers_large_b, chequers_serial_rivers_micro_c
D:4:      layout_basic, minmay_temple_entry_mini_moons, minmay_fractal_squares_5
D:5:      layout_cave_pods, grunt_temple_overflow_opulence,
          grunt_decor_mini_mirrors, minivault_27
D:6:      layout_loops_ring, nicolae_overflow_two_pavilions
D:7:      layout_rooms, kennysheep_mini, mainiacjoe_overflow_brackets,
          uniq_duvessa
D:8:      layout_basic, okawaru_altar_gauntlet_db, minmay_chambers_of_fives
Temple:   minmay_temple_forest_path

Skill      XL: |  1  2  3  4  5  6  7  8  9 |
---------------+----------------------------+-----
Spellcasting   | 4 5 6 7 8 10 | 10.9
Conjurations   | 5 6 7 8 9 |  9.9
Translocations | 1 3 5 6 |  6.9
Dodging        | |  2.4
Stealth        | |  2.4

Action                   |  1- 3 |  4- 6 |  7- 9 || total
-------------------------+-------+-------+-------++-------
Melee: Unarmed           |       |     2 |       ||     2
 Cast: Magic Dart        |    41 |    38 |    18 ||    97
       Searing Ray       |     3 |    30 |    49 ||    82
       Iskenderun's Myst |       |       |    15 ||    15
  Use: Potion            |       |     3 |     1 ||     4
       Scroll            |       |       |    14 ||    14
Armor: Robe              |       |     5 |     3 ||     8
       Leather armour    |       |       |     7 ||     7
Dodge: Dodged            |    10 |    28 |    41 ||    79

Table legend: (Time is in decaauts)
 A = Elapsed time spent in this place.
 B = Non-inter-level travel time spent in this place.
 C = Inter-level travel time spent in this place.
 D = Time resting spent in this place.
 E = Time spent auto-exploring this place.
 F = Levels seen in this place.
 G = Mean time per level.
                   A        B        C        D        E       F      G
               +--------+--------+--------+--------+--------+-----+--------+
         Total |   4569 |   4153 |    416 |     12 |    326 |   9 |  507.7 |
       Dungeon |   4177 |   3815 |    362 |     12 |      0 |   8 |  522.1 |
        Temple |    392 |    338 |     54 |      0 |    326 |   1 |  392.0 |
               +--------+--------+--------+--------+--------+-----+--------+

Top non-repeatable levels by time:
     D:5: 780 daAuts
     D:3: 640 daAuts
     D:6: 624 daAuts
     D:4: 623 daAuts
     D:1: 572 daAuts
     D:7: 429 daAuts
  Temple: 392 daAuts
     D:2: 302 daAuts
     D:8: 204 daAuts
